 Seeded DCSS version 0.28-a0-998-gb9e9c7b67e (webtiles) character file.

Game seed: 20211206 (custom seed)

2586 a11behringer the Cleaver (level 9, -12/73 (78) HPs)
             Began as a Minotaur Berserker on Dec 6, 2021.
             Was a Priest of Trog.
             Killed from afar by a wight (42 damage)
             ... with a bolt of acid
             ... on level 6 of the Dungeon.
             The game lasted 00:15:34 (5176 turns).

a11behringer the Cleaver (Minotaur Berserker)       Turns: 5176, Time: 00:15:35

HP:   -12/73 (78)   AC: 12    Str: 26    XL:     9   Next: 32%
MP:   8/8           EV:  9    Int:  4    God:    Trog [***...]
Gold: 93            SH:  0    Dex: 10    Spells: 8/8 levels left

rFire   . . .      SeeInvis +   C - +3 hand axe (vorpal)
rCold   . . .      Faith    .   (no shield)
rNeg    . . .      Spirit   .   l - +0 chain mail
rPois   +          Reflect  .   (helmet restricted)
rElec   .          Harm     .   s - +1 cloak {rPois}
rCorr   .          Rampage  .   (no gloves)
Will    .....                   (no boots)
Stlth   ..........              (no amulet)
HPRegen 0.22/turn               B - ring of see invisible
MPRegen 0.11/turn               (no ring)

@: drained
A: horns 2, retaliatory headbutt
a: Renounce Religion, Berserk, Trog's Hand


You were on level 6 of the Dungeon.
You worshipped Trog.
Trog was most pleased with you.
You visited 1 branch of the dungeon, and saw 6 of its levels.

You collected 275 gold pieces.
You spent 182 gold pieces at shops.

Inventory:

Hand Weapons
 a - a +0 hand axe
 j - a +2 vorpal hand crossbow
 t - a +0 hunting sling
 v - a +2 trident of venom
 x - a +4 scythe of flaming
 C - a +3 vorpal hand axe (weapon)
 H - a +0 shortbow
 I - a +0 war axe
Missiles
 e - 4 curare-tipped darts (quivered)
 g - 23 bolts
 i - 54 sling bullets
 q - 114 arrows
 D - a throwing net
Armour
 b - a +0 animal skin
 d - a +0 scale mail
 l - a +0 chain mail (worn)
 s - a +1 cloak of poison resistance (worn)
Jewellery
 B - a ring of see invisible (left hand)
Wands
 y - a wand of flame (16)
Scrolls
 c - a scroll of amnesia
 f - a scroll of teleportation
 u - 2 scrolls of vulnerability
 z - 2 scrolls of identify
Potions
 h - a potion of lignification {unknown}
 k - 3 potions of attraction {unknown}
 m - 4 potions of curing
 n - a potion of flight {unknown}
 p - a potion of magic {unknown}
 r - 2 potions of haste {unknown}
 w - a potion of mutation {unknown}


   Skills:
 + Level 6.5 Fighting
 * Level 12.5(12.6) Axes
 + Level 0.8(8.0) Polearms
 + Level 7.0 Armour
 + Level 3.4 Dodging


You had 8 spell levels left.
You didn't know any spells.
Your spell library was empty.

Dungeon Overview and Level Annotations

Branches:
Dungeon (6/15)
 Temple: D:4-7

Altars:
Cheibriados
Dithmenos
Fedhas
Kikubaaqudgha
Nemelex Xobeh
Qazlal
Sif Muna
Xom

Shops:
D:6 (

Annotations:
D:6 1 transporter


Innate Abilities, Weirdness & Mutations

You have a pair of horns on your head.
You reflexively headbutt those who attack you in melee.


Message History

You feel drained. The wight freezes you.
You slash the wight!
The wight is severely damaged.
The wight closely misses you.
You slash the wight!
You destroy the wight!
Trog accepts your kill.
Your Armour skill increases to level 7!
There is an escape hatch in the ceiling here.
Things that are here:
a +3 dire flail of freezing; a +0 robe A wight is nearby!
A white imp and a wight come into view.
The wight is wielding a +0 scimitar and carrying a wand of acid (5).
The wight hits you with a +2 vorpal falchion!
You feel drained.
You closely miss the wight. The wight hits you but does no damage.
You hit the wight. Your headbutt misses the wight.
The wight is moderately damaged.
The wight closely misses you.
You hit the wight.
You headbutt the wight, but do no damage.
The wight is heavily damaged.
You hit the wight but do no damage. You headbutt the wight!
You destroy the wight!
Trog accepts your kill. The white imp gestures at you.
The puff of frost hits you.
The wight zaps a wand.
The bolt of acid hits the white imp!!
The acid corrodes the white imp!
The white imp dies!
The bolt of acid misses you.
There is an open door here.
Things that are here:
a +2 vorpal falchion; a +0 robe The wight hits you with a +0 scimitar!
You feel drained.
You hit the wight but do no damage.
The wight zaps a wand.
The bolt of acid hits you!!!
Ouch! That really hurt!
You die...

).......
........................
........
...............####.....
##......
..........#########.....
...F..
.(....>............##.^#
...###
#..........<....... ##..
..# #..................
#.. ..#
#.........##....... ...
#######)### ....... ..
#.....@# ###.... ..
.......z......#....
..............# ...
..............# ..
.#####........#
....###### ....# .....#


You could see a wight.

Vanquished Creatures
  Sigmund (D:3)
  Menkaure (D:4)
  2 water moccasins
  An ice beast (D:5)
  2 black bears (D:4)
  A necrophage (D:5)
  A sky beast (D:4)
  3 ogres
  A centaur (D:5)
  Blork the orc (D:4)
  A bullfrog (D:6)
  5 scorpions
  A water moccasin skeleton (D:6)
  6 wights (D:6)
  4 bullfrog zombies
  A gnoll shaman (D:5)
  4 hounds
  Crazy Yiuf (D:3)
  An iguana (D:6)
  Terence (D:3)
  A scorpion zombie (D:5)
  A hound skeleton (D:4)
  4 gnolls (D:5)
  10 adders
  A white imp (D:5)
  2 ufetubi
  An adder skeleton (D:5)
  3 worms
  3 dart slugs
  11 orcs
  10 ball pythons
  10 endoplasms
  3 giant cockroaches
  9 goblins
  6 hobgoblins
  3 jackals (D:1)
  3 quokkas
  4 bats
  2 frilled lizards (D:2)
  3 kobolds
  5 rats
134 creatures vanquished.

Vanquished Creatures (others)
  A white imp (D:6)
  2 plants (D:6)
3 creatures vanquished.

Grand Total: 137 creatures vanquished

Notes
Turn   | Place    | Note
-------+----------+-------------------------------------------
     0 | D:1      | a11behringer the Minotaur Berserker began the quest for the
                  | Orb.
     0 | D:1      | Reached XP level 1. HP: 19/19 MP: 0/0
   266 | D:1      | Reached skill level 4 in Axes
   269 | D:1      | Reached XP level 2. HP: 18/27 MP: 1/1
   404 | D:1      | Found a faded altar of an unknown god.
  1145 | D:2      | Reached XP level 3. HP: 31/33 MP: 2/2
  1360 | D:2      | Reached skill level 5 in Axes
  1659 | D:3      | Reached ** piety under Trog
  1691 | D:3      | Reached XP level 4. HP: 40/40 MP: 3/3
  1790 | D:3      | Found a runed translucent door.
  1791 | D:3      | Noticed Crazy Yiuf
  1799 | D:3      | Killed Crazy Yiuf
  2035 | D:3      | Reached XP level 5. HP: 46/46 MP: 4/4
  2038 | D:3      | Reached skill level 6 in Axes
  2055 | D:3      | Noticed an ogre
  2061 | D:3      | Killed an ogre
  2236 | D:3      | Noticed Terence
  2244 | D:3      | Killed Terence
  2409 | D:3      | Noticed Sigmund
  2418 | D:3      | Killed Sigmund
  2419 | D:3      | Reached skill level 7 in Axes
  2419 | D:3      | Reached XP level 6. HP: 53/53 MP: 5/5
  2954 | D:4      | Noticed Blork the orc
  2964 | D:4      | Killed Blork the orc
  3044 | D:4      | Reached skill level 8 in Axes
  3044 | D:4      | Reached XP level 7. HP: 58/60 MP: 6/6
  3201 | D:4      | Noticed Menkaure
  3221 | D:4      | Killed Menkaure
  3222 | D:4      | Reached skill level 5 in Fighting
  3222 | D:4      | Reached skill level 9 in Axes
  3503 | D:4      | Reached skill level 5 in Armour
  3503 | D:4      | Reached XP level 8. HP: 56/68 MP: 7/7
  4028 | D:4      | Found a blossoming altar of Fedhas.
  4029 | D:4      | Found a shimmering altar of Xom.
  4035 | D:4      | Found a stormy altar of Qazlal.
  4035 | D:4      | Found a snail-covered altar of Cheibriados.
  4035 | D:4      | Found a shimmering blue altar of Sif Muna.
  4036 | D:4      | Found a shadowy altar of Dithmenos.
  4039 | D:4      | Found an ancient bone altar of Kikubaaqudgha.
  4177 | D:5      | Entered Level 5 of the Dungeon
  4187 | D:5      | Found a sparkling altar of Nemelex Xobeh.
  4193 | D:5      | Reached skill level 10 in Axes
  4379 | D:5      | Reached *** piety under Trog
  4383 | D:5      | Reached skill level 11 in Axes
  4708 | D:5      | Reached XP level 9. HP: 70/75 MP: 8/8
  4787 | D:6      | Reached skill level 12 in Axes
  5102 | D:6      | Found Eluobb's Antique Weapon Emporium.
  5115 | D:6      | Bought a runed hand crossbow for 182 gold pieces
  5124 | D:6      | Found a transporter.
  5124 | D:6      | Noticed a kobold demonologist
  5176 | D:6      | Killed from afar by a wight

Illustrated notes

Levels and vault maps discovered:
D:1:      dpeg_arrival_houses_and_road, layout_rooms,
          ebering_ecumenical_altar_mist, kennysheep_flooded_box,
          minmay_splitting_lines
D:2:      layout_basic, minmay_distorted
D:3:      layout_basic, minmay_pentangle, uniq_crazy_yiuf_cottage, uniq_sigmund,
          uniq_terence
D:4:      layout_basic, minitemple, grunt_decor_one_mirror, uniq_menkaure,
          uniq_blork_the_orc
D:5:      minmay_diamond_boxcup, layout_basic, kennysheep_little_box
D:6:      gammafunk_wand_slinger, layout_basic, mainiacjoe_overflow_chevrons,
          gup_sewer_entry_bubbles, serial_shops,
          nicolae_shop_overgrown_old_shop, kennysheep_pointless_box

Skill      XL: |  1  2  3  4  5  6  7  8  9 |
---------------+----------------------------+-----
Axes           | 4 5 7 8 9 11 12 | 12.5
Fighting       | 4 5 6 |  6.5
Armour         | 3 4 5 6 7 |  7.0
Dodging        | 3 |  3.4
Polearms       | |  0.8

Action                   |  1- 3 |  4- 6 |  7- 9 || total
-------------------------+-------+-------+-------++-------
Melee: Hand axe          |    61 |    77 |   196 ||   334
       Headbutt          |     8 |    18 |    49 ||    75
Invok: Berserk           |       |     4 |     2 ||     6
       Trog's Hand       |       |     3 |     2 ||     5
  Use: Scroll            |       |       |    10 ||    10
Armor: Scale mail        |    24 |       |       ||    24
       Chain mail        |     6 |    29 |    86 ||   121
Dodge: Dodged            |    33 |    35 |    69 ||   137

Table legend: (Time is in decaauts)
 A = Elapsed time spent in this place.
 B = Non-inter-level travel time spent in this place.
 C = Inter-level travel time spent in this place.
 D = Time resting spent in this place.
 E = Time spent auto-exploring this place.
 F = Levels seen in this place.
 G = Mean time per level.
                   A        B        C        D        E       F      G
               +--------+--------+--------+--------+--------+-----+--------+
         Total |   5183 |   4738 |    445 |    340 |   3692 |   6 |  863.8 |
       Dungeon |   5183 |   4738 |    445 |    340 |   3692 |   6 |  863.8 |
               +--------+--------+--------+--------+--------+-----+--------+

Top non-repeatable levels by time:
     D:3: 1451 daAuts
     D:4: 1271 daAuts
     D:2: 797 daAuts
     D:1: 699 daAuts
     D:5: 576 daAuts
     D:6: 386 daAuts
